 Dungeon Crawl Stone Soup version 0.28.0-53-g5a82cb258f (webtiles) character file.

Game seed: 10857899742094715982

386 Sin92 the Magician (level 6, 0/44 HPs)
             Began as a Demonspawn Hedge Wizard on July 14, 2022.
             Was a Believer of Makhleb.
             Slain by a phantom (8 damage)
             ... on level 4 of the Dungeon on July 15, 2022.
             The game lasted 00:09:00 (3391 turns).

Sin92 the Magician (Demonspawn Hedge Wizard)        Turns: 3391, Time: 00:09:01

Health: 0/44       AC:  3    Str: 12    XL:     6   Next: 48%
Magic:  11/11      EV: 13    Int: 17    God:    Makhleb [**....]
Gold:   106        SH:  0    Dex: 15    Spells: 11/12 levels left

rFire   . . .      SeeInvis .   g - +1 short sword (drain)
rCold   . . .      Faith    .   (no shield)
rNeg    . . .      Spirit   .   b - +0 robe
rPois   .          Reflect  .   c - +1 hat
rElec   +          Harm     .   (no cloak)
rCorr   .          Rampage  .   (no gloves)
Will    .....                   (no boots)
Stlth   ++........              (no amulet)
HPRegen 0.14/turn               (no ring)
MPRegen 0.12/turn               (no ring)

@: no status effects
A: hooves 1, ignite blood 1, big brain 1, passive freeze, electricity
resistance, strong 1, MP-powered wands
a: Renounce Religion, Minor Destruction


You were on level 4 of the Dungeon.
You worshipped Makhleb.
Makhleb was pleased with you.
You visited 1 branch of the dungeon, and saw 4 of its levels.

You collected 106 gold pieces.

Inventory:

Hand Weapons
 a - a +0 dagger
 g - a +1 short sword of draining (weapon)
Armour
 b - a +0 robe (worn)
 c - a +1 hat (worn)
 h - a +0 cloak
Wands
 l - a wand of mindburst (10)
Scrolls
 f - a scroll of identify
 j - 2 scrolls of torment
 k - a scroll of fear
 n - a scroll of teleportation
Potions
 d - a potion of mutation
 e - a potion of attraction


   Skills:
 + Level 1.9 Fighting
 + Level 1.7 Short Blades
 + Level 1.8 Armour
 + Level 2.7 Dodging
 + Level 2.9 Stealth
 + Level 3.6 Spellcasting
 + Level 2.3 Conjurations
 - Level 1.5 Summonings
 + Level 2.1 Translocations


You had 11 spell levels left.
You knew the following spells:

 Your Spells              Type           Power      Damage    Failure   Level
a - Magic Dart            Conj           44%        1d5       6%          1

Your spell library contained the following spells:

 Spells                   Type           Power      Damage    Failure   Level
 Blink                    Tloc           20%        N/A       11%         2
 Call Imp                 Summ           8%         N/A       13%         2
 Slow                     Hex            12%        N/A       17%         1
 Conjure Flame            Conj/Fire      7%         6-21      30%         3
 Mephitic Cloud           Conj/Pois/Air  5%         N/A       34%         3
 Confusing Touch          Hex            3%         N/A       45%         3
 Ignite Poison            Fire/Tmut/Pois 3%         N/A       45%         3
 Vampiric Draining        Necr           3%         2d6       45%         3
 Sticky Flame             Conj/Fire      7%         2d3       71%         4
 Animate Dead             Necr           1%         N/A       86%         4
 Borgnjor's Vile Clutch   Necr/Erth      1%         N/A       99%         5
 Death Channel            Necr           1%         N/A       100%        6


Dungeon Overview and Level Annotations

Branches:
Dungeon (4/15)
 Temple: D:4-7

Altars:
Makhleb

Portals:
Abyss: D:3

Annotations:
D:3 2 transporters, DemonSlayer's ghost, amateur DsFE


Innate Abilities, Weirdness & Mutations

You have large cloven feet.
Your demonic aura sometimes causes spilled blood to erupt in flames.
You have an unusually large brain. (Int +2)
A frigid envelope surrounds you and freezes all who hurt you.
You are resistant to electric shocks. (rElec)
Your muscles are strong. (Str +2)
You expend magic power (3 MP) to strengthen your wands.


Message History

The phantom is lightly damaged.
The phantom hits you.
The phantom resists.
The phantom is very cold.
The phantom is lightly damaged.
You hit the phantom but do no damage.
The phantom is lightly damaged.
The phantom barely misses you.
You hit the phantom but do no damage.
The phantom is lightly damaged.
The phantom hits you!
* * * LOW HITPOINT WARNING * * *
You hit the phantom.
The phantom is moderately damaged.
The phantom hits you.
* * * LOW HITPOINT WARNING * * *
The phantom resists.
The phantom is very cold.
The phantom is moderately damaged.
You hit the phantom.
The phantom is heavily damaged.
The phantom hits you.
* * * LOW HITPOINT WARNING * * *
You closely miss the phantom. You kick the phantom.
The phantom is heavily damaged.
The phantom closely misses you.
An orc comes into view. It is wielding a +0 mace.
You miss the phantom.
The phantom is heavily damaged.
The orc shouts!
The phantom hits you but does no damage.
The phantom completely resists.
Unknown command.
You feel better. The phantom hits you.
* * * LOW HITPOINT WARNING * * *
The phantom resists.
The phantom is very cold.
The phantom is heavily damaged.
The phantom blinks!
You blink.
The phantom hits you.
* * * LOW HITPOINT WARNING * * *
The phantom completely resists.
The phantom hits you!
You die...

## ##########
##.###.###.##..<).#
............#####.####
o###.###.##.....@.)..#
.........#.#..W[....#
#.###.##...#........#
.o..#.#.#..).[...#
##.##...#...).[###....#
.#o..#.#.#.###).# ..###
...⌠...#.).# #.## #.#
.#...#.#.#.# #)# .#
##.##...#...#..


You could see a phantom.

Vanquished Creatures
  A steam dragon (D:4)
  An ogre (D:4)
  A centaur skeleton (D:4)
  3 orc wizards
  An adder (D:2)
  A river rat (D:3)
  5 orcs
  6 ball pythons
  An endoplasm (D:2)
  A giant cockroach (D:3)
  6 goblins
  A hobgoblin (D:3)
  3 jackals (D:3)
  4 kobolds
  2 quokkas (D:3)
  2 bats (D:3)
  3 frilled lizards
  3 rats
45 creatures vanquished.

Notes
Turn   | Place    | Note
-------+----------+-------------------------------------------
     0 | D:1      | Sin92 the Demonspawn Hedge Wizard began the quest for the
                  | Orb.
     0 | D:1      | Reached XP level 1. HP: 13/13 MP: 4/4
   928 | D:2      | Reached skill level 1 in Translocations
   998 | D:2      | Gained mutation: Your demonic aura sometimes causes spilled
                  | blood to erupt in flames. [demonic ancestry]
   998 | D:2      | Reached XP level 2. HP: 18/20 MP: 0/6
  1304 | D:2      | Gained mutation: You expend magic power (3 MP) to
                  | strengthen your wands. [potion of mutation]
  1304 | D:2      | Gained mutation: A frigid envelope surrounds you and
                  | freezes all who hurt you. [potion of mutation]
  1304 | D:2      | Gained mutation: Your muscles are strong. (Str +2) [potion
                  | of mutation]
  1304 | D:2      | Gained mutation: You are resistant to electric shocks.
                  | (rElec) [potion of mutation]
  1723 | D:2      | You fall into a shaft and drop 2 floors!
  1758 | D:3      | Found a faded altar of an unknown god.
  1765 | D:3      | Prayed at the altar of an unknown god.
  1765 | D:3      | Became a worshipper of Makhleb the Destroyer
  1765 | D:3      | Reached * piety under Makhleb
  2040 | D:3      | Reached XP level 3. HP: 22/25 MP: 7/7
  2124 | D:3      | Reached skill level 1 in Fighting
  2174 | D:3      | Noticed a toenail golem
  2181 | D:3      | Found a transporter.
  2208 | D:3      | Noticed a small abomination
  2209 | D:3      | Noticed DemonSlayer's ghost (amateur DsFE)
  2218 | D:3      | Found a transporter.
  2579 | D:3      | Gained mutation: You have large cloven feet. [demonic
                  | ancestry]
  2579 | D:3      | Reached XP level 4. HP: 32/32 MP: 8/8
  2827 | D:3      | Found a one-way gate to the infinite horrors of the Abyss.
  2935 | D:4      | Noticed a steam dragon
  2944 | D:4      | Killed a steam dragon
  2945 | D:4      | Reached skill level 1 in Short Blades
  2945 | D:4      | Reached skill level 1 in Armour
  2945 | D:4      | Gained mutation: You have an unusually large brain. (Int
                  | +2) [demonic ancestry]
  2945 | D:4      | Reached XP level 5. HP: 37/37 MP: 4/10
  2949 | D:4      | Noticed an ogre
  2957 | D:4      | Killed an ogre
  2958 | D:4      | Reached XP level 6. HP: 21/44 MP: 0/11
  3283 | D:4      | Reached ** piety under Makhleb
  3391 | D:4      | Slain by a phantom

Illustrated notes

Levels and vault maps discovered:
D:1:      minmay_arrival_plants_in_alcoves, layout_loops_ring,
          chequers_serial_rivers_micro_c
D:2:      layout_basic
D:3:      layout_loops_corners, ebering_ecumenical_altar_abandoned,
          gammafunk_ghost_abyssal_escape, portal_sewer_entry_b
D:4:      layout_basic, nicolae_qazlal_style_of_elements,
          nicolae_concentric_dashed_squares_wild, minmay_fountain_box,
          chequers_serial_rivers_micro_a, minmay_ruptured, uniq_ijyb

Skill      XL: |  1  2  3  4  5 |
---------------+----------------+-----
Translocations | 1 2 |  2.1
Stealth        | 2 |  2.9
Dodging        | 2 |  2.7
Fighting       | 1 |  1.9
Short Blades   | 1 |  1.7
Armour         | 1 |  1.8
Conjurations   | 2 |  2.3
Spellcasting   | |  3.6
Summonings     | |  1.5

Action                   |  1- 3 |  4- 6 || total
-------------------------+-------+-------++-------
Melee: Dagger            |    48 |       ||    48
       Short sword       |     5 |    34 ||    39
       Kick              |       |     7 ||     7
       Punch             |       |     1 ||     1
 Cast: Magic Dart        |    15 |     9 ||    24
  Use: Scroll            |     5 |       ||     5
       Potion            |     2 |     2 ||     4
Armor: Robe              |    18 |    10 ||    28
       Skin              |       |     7 ||     7
Dodge: Dodged            |    51 |    13 ||    64
